 Dungeon Sprint DCSS version 0.31-a0-1165-g196b491b36 (webtiles) character file.

Game seed: 565944140148214005

1133 dialectric the Imperceptible (level 8, -2/40 HPs)
             Began as a Spriggan Brigand on Dec 9, 2023.
             Was a Follower of Dithmenos.
             Slain by Sonja
             ... wielding a +1 dagger of distortion
              (15 damage)
             ... in the Dungeon (Sprint I: "Red Sonja").
             The game lasted 00:01:27 (290 turns).

dialectric the Imperceptible (Spriggan Brigand)      Turns: 290, Time: 00:01:28

Health: -2/40      AC:  3    Str:  7    XL:     8   Next: 14%
Magic:  9/9        EV: 19    Int: 13    God:    Dithmenos [*.....]
Gold:   420        SH:  0    Dex: 18    Spells: 7/7 levels left

rFire   . . .        a - +2 dagger
rCold   . . .        (no shield)
rNeg    . . .        b - +0 robe
rPois   .            (helmet restricted)
rElec   .            c - +0 cloak
rCorr   .            (gloves unavailable)
SInv    +            (boots unavailable)
Will    +....        (no amulet)
Stlth   ++++++++++   (no ring)
HPRegen 0.26/turn    (no ring)
MPRegen 0.11/turn

%: no teleportation
@: wreathed by umbra, very quick
A: very small, no large weapons, unfitting armour, see invisible, speed 3
a: Renounce Religion


You were in the Dungeon.
You worshipped Dithmenos.
Dithmenos was aware of your devotion.
You visited 1 branch You collected 420 gold pieces.

Inventory:

Hand Weapons
 a - a +2 dagger (weapon)
Missiles
 d - 9 poisoned darts
 e - 2 curare-tipped darts (quivered)
Armour
 b - a +0 robe (worn)
 c - a +0 cloak (worn)
Wands
 l - a wand of roots (12)
Scrolls
 k - 2 scrolls of blinking
Potions
 f - a potion of curing
 g - a potion of heal wounds
 h - a potion of haste
 i - 2 potions of magic
 j - a potion of berserk rage


   Skills:
 - Level 3.3 Fighting
 + Level 6.9 Short Blades
 - Level 2.5 Throwing
 + Level 5.0 Dodging
 + Level 23.7 Stealth


You had 7 spell levels left.
You didn't know any spells.
Your spell library was empty.

Dungeon Overview and Level Annotations

Branches:
Dungeon (1/1)

Altars:
Cheibriados
Dithmenos
Elyvilon
Fedhas
Gozag
Hepliaklqana
Kikubaaqudgha
Makhleb
Nemelex Xobeh
Okawaru
Qazlal
Ru
Sif Muna
Trog
Uskayaw
Vehumet
Wu Jian
Xom
Yredelemnul
Zin
The Shining One
Jiyva
Lugonu

Shops:
D *

Annotations:
D Sonja


Innate Abilities, Weirdness & Mutations

You are very small and have problems with some larger weapons.
You are too small for most types of armour.
You have supernaturally acute eyesight. (SInv)
You cover ground extremely quickly. (Speed+++)


Message History

Your Stealth skill gained 2 levels and is now at level 21!
You have reached level 7!
Unknown command.
The helpless kobold demonologist fails to defend itself.
You skewer the kobold demonologist like a kebab!!!!
You kill the kobold demonologist!
Dithmenos accepts your kill.
Your Short Blades skill increases to level 6!
Your Stealth skill increases to level 22!
Unknown command.
The helpless kobold demonologist fails to defend itself.
You spit the kobold demonologist like a pig!!!!!
You kill the kobold demonologist!
Dithmenos accepts your kill.
You are shrouded in an aura of darkness!
Your Dodging skill increases to level 5!
Your Stealth skill increases to level 23!
You have reached level 8!
There is an open door here.
There is an open door here.
There is an open door here.
There is an open door here.
You see here 4 stones.
There is a radiant altar of Vehumet here.
You open the door.
Sonja, the Graceful Assassin comes into view.
She is wielding a +1 dagger of distortion, quivering curare-tipped darts and carrying a wand of flame.
Found 54 gold pieces.
Found 54 gold pieces.
There is an open door here.
Sonja hits you with a +1 dagger of distortion!
Space warps horribly around you.
Sonja hits you with a +1 dagger of distortion.
Sonja misses you.
You closely miss Sonja.
Sonja hits you with a +1 dagger of distortion.
Sonja closely misses you.
Sonja hits you with a +1 dagger of distortion!
Space warps horribly around you!
You die...
Sonja takes a bow.

#..#####'#####'#__####)..+
#..####..#...#.#### #####
#..#__####..##(#
#..#_____##'#_.+
#⌠⌠#_.∩..†'..._#
####_..__##_.#'#
#_____###'#.#
#########.###


+$@$+ #$K$# ##.## #+# You could see Sonja.

Vanquished Creatures
  2 kobold demonologists (D)
  A glass eye (D)
  Sigmund (D)
  A yak (D)
  An ogre (D)
  A jelly (D)
  Ijyb (D)
8 creatures vanquished.

Notes
Turn   | Place    | Note
-------+----------+-------------------------------------------
     0 | D        | dialectric the Spriggan Brigand began the quest for the
                  | Orb.
     0 | D        | Reached XP level 1. HP: 10/10 MP: 2/2
     2 | D        | Noticed Ijyb
     4 | D        | Killed Ijyb
     5 | D        | Reached skill level 9 in Stealth
     5 | D        | Reached XP level 2. HP: 15/15 MP: 3/3
     9 | D        | Noticed an ogre
    20 | D        | Killed an ogre
    21 | D        | Reached skill level 13 in Stealth
    21 | D        | Reached XP level 3. HP: 7/19 MP: 4/4
    21 | D        | Reached XP level 4. HP: 8/23 MP: 5/5
    41 | D        | Noticed Sigmund
    43 | D        | Killed Sigmund
    44 | D        | Reached skill level 17 in Stealth
    44 | D        | Reached XP level 5. HP: 14/28 MP: 6/6
    57 | D        | Found a shimmering blue altar of Sif Muna.
    58 | D        | Found an ornate altar of the Wu Jian Council.
    59 | D        | Found a radiant altar of Vehumet.
    65 | D        | Reached XP level 6. HP: 14/32 MP: 7/7
    92 | D        | Found Lumum's Assorted Antiques.
    92 | D        | Found an ancient bone altar of Kikubaaqudgha.
    92 | D        | Found a hazy altar of Hepliaklqana.
    92 | D        | Found a hide-covered altar of Uskayaw.
    92 | D        | Found a basalt altar of Yredelemnul.
    92 | D        | Found an opulent altar of Gozag.
    92 | D        | Found a snail-covered altar of Cheibriados.
    92 | D        | Found a sacrificial altar of Ru.
    92 | D        | Found a shadowy altar of Dithmenos.
    92 | D        | Noticed a yak
    93 | D        | Found a stormy altar of Qazlal.
    93 | D        | Found a blossoming altar of Fedhas.
    93 | D        | Found a bloodstained altar of Trog.
    93 | D        | Found an iron altar of Okawaru.
    93 | D        | Found a glowing golden altar of the Shining One.
    93 | D        | Found a glowing silver altar of Zin.
    93 | D        | Found a white marble altar of Elyvilon.
    94 | D        | Killed a yak
    95 | D        | Reached skill level 5 in Short Blades
    95 | D        | Reached skill level 19 in Stealth
    95 | D        | Found a sparkling altar of Nemelex Xobeh.
   101 | D        | Became a worshipper of Dithmenos the Shadowed
   117 | D        | Found a burning altar of Makhleb.
   117 | D        | Found a shimmering altar of Xom.
   117 | D        | Noticed a slime creature
   118 | D        | Found a viscous altar of Jiyva.
   118 | D        | Found a corrupted altar of Lugonu.
   263 | D        | Noticed a kobold demonologist
   264 | D        | Noticed a glass eye
   264 | D        | Noticed a kobold demonologist
   266 | D        | Killed a glass eye
   267 | D        | Reached skill level 21 in Stealth
   267 | D        | Reached XP level 7. HP: 36/36 MP: 8/8
   267 | D        | Killed a kobold demonologist
   268 | D        | Reached skill level 22 in Stealth
   269 | D        | Killed a kobold demonologist
   269 | D        | Reached * piety under Dithmenos
   270 | D        | Reached skill level 5 in Dodging
   270 | D        | Reached skill level 23 in Stealth
   270 | D        | Reached XP level 8. HP: 40/40 MP: 9/9
   286 | D        | Noticed Sonja
   290 | D        | Slain by Sonja

Illustrated notes

Levels and vault maps discovered:
D:        dungeon_sprint_1 [red_sonja_temple_1, red_sonja_temple_small_1]

Skill      XL: |  1  2  3  4  5  6  7 |
---------------+----------------------+-----
Fighting       | 2 3 |  3.3
Stealth        | 9 13 17 21 23 | 23.7
Short Blades   | 3 4 5 6 |  6.9
Dodging        | 2 3 4 5 |  5.0
Throwing       | |  2.5

Action                     |  1- 3 |  4- 6 |  7- 9 || total
---------------------------+-------+-------+-------++-------
  Melee: Dagger            |     2 |     7 |     3 ||    12
  Throw: Dart              |     2 |       |       ||     2
   Stab: Sleeping          |     1 |     3 |     2 ||     6
 Armour: Robe              |     1 |     2 |     4 ||     7
  Dodge: Dodged            |       |     3 |     2 ||     5

Table legend: (Time is in decaauts)
 A = Elapsed time spent in this place.
 B = Non-inter-level travel time spent in this place.
 C = Inter-level travel time spent in this place.
 D = Time resting spent in this place.
 E = Time spent auto-exploring this place.
 F = Levels seen in this place.
 G = Mean time per level.
                   A        B        C        D        E       F      G
               +--------+--------+--------+--------+--------+-----+--------+
         Total |    228 |    228 |      0 |     93 |      0 |   1 |  228.0 |
       Dungeon |    228 |    228 |      0 |     93 |      0 |   1 |  228.0 |
               +--------+--------+--------+--------+--------+-----+--------+

Top non-repeatable levels by time:
       D: 228 daAuts
